Map: Moonlight Madness LE (Void)

Players

SolaCe (Nina)

  • Race: Protoss Protoss
  • League: Master

RepMeaSt (Semper) - Winner!

  • Race: Terran Terran
  • League: Master

Event: ASL Season 5 Prime League LOTV Beta

VOD

Have the link to the VOD?

Description

Time

  • Played on: Sept. 22, 2015, 9:23 p.m.
  • Length: 18:41

All games in this series

Show
View Real Time Build Order
Export as new Build Order

SolaCe Protoss 

Build Orders: Mass Adepts 

Get SALT Encoding   

  12  0:00  Probe (Chrono Boost)  
  13  0:10  Probe (Chrono Boost)  
  14  0:18  Pylon  
  14  0:21  Probe (Chrono Boost)  
  15  0:35  Probe (Chrono Boost)  
  15  0:39  Gateway  
  16  0:45  Probe (Chrono Boost)  
  17  0:51  Assimilator  
  17  0:54  Assimilator  
  17  0:55  Probe (Chrono Boost)  
  18  1:05  Probe (Chrono Boost), Pylon  
  19  1:15  Probe (Chrono Boost)  
  20  1:25  Probe (Chrono Boost)  
  20  1:26  Cybernetics Core  
  21  1:35  Probe (Chrono Boost)  
  22  1:45  Probe (Chrono Boost)  
  23  1:49  Pylon  
  23  1:58  Warp Gate (Chrono Boost)  
  24  2:02  Mothership Core (Chrono Boost)  
  24  2:07  Robotics Facility  
  25  2:12  Adept  
  27  2:29  Gateway  
  27  2:32  Gateway  
  27  2:42  Gateway  
  27  2:54  Warp Prism  
  29  3:11  Pylon  
  29  3:31  Observer  
  30  3:47  Adept x4  
  38  3:54  Observer  
  39  4:05  Pylon  
  39  4:11  Adept x2  
  39  4:12  Adept x2  
  45  4:32  Adept x4  
  39  4:53  Probe  
  38  5:05  Probe  
  39  5:10  Adept  
  39  5:11  Adept x3  
  46  5:32  Stalker  
  46  5:33  Stalker x2  
  52  5:46  Stalker  
  52  5:49  Pylon  
  54  6:01  Pylon  
  54  6:08  Adept x3  
  60  6:30  Sentry  
  60  6:31  Sentry x3  
  66  6:56  Adept x3  
  70  7:13  Nexus  
  70  7:21  Pylon  
  68  7:39  Sentry x3  
  74  7:47  Adept  
  44  8:22  Adept x3  
  44  8:23  Adept  
  51  8:40  Adept  
  53  8:43  Adept x3  
  53  8:48  Probe x2, Observer  
  54  9:14  Adept x4  
  55  9:17  Probe  
  55  9:21  Observer  
  56  9:35  Adept x3  
  60  10:01  Warp Prism  
  58  10:08  Probe  
  58  10:10  Probe  
  50  10:20  Adept x2  
  50  10:21  Adept x2  
  46  10:26  Twilight Council  
  44  10:31  Probe  
  44  10:34  Stargate  
  45  10:44  Adept x2  
  49  10:56  Adept x2  
  53  11:08  Pylon  
  53  11:11  Adept x2  
  57  11:20  Adept  
  57  11:21  Adept  
  61  11:27  Phoenix (Chrono Boost)  
  62  11:41  Shield Upgrade (Chrono Boost)  
  62  11:43  Adept  
  62  11:44  Adept  
  52  11:49  Probe  
  52  11:53  Probe  
  46  12:29  Probe  
  34  12:30  Probe  
  36  12:38  Adept  
  36  12:39  Probe  
  36  12:43  Probe  
  40  12:49  Probe  
  41  12:55  Probe  
  42  12:59  Probe  
  42  13:01  Phoenix  
  45  13:07  Probe  
  45  13:08  Adept  
  45  13:09  Probe  
  49  13:19  Probe x2  
  46  13:24  Observer (Chrono Boost)  
  48  13:28  Adept  
  48  13:31  Probe  
  47  13:37  Oracle  
  49  13:44  Adept  
  49  13:45  Probe  
  49  13:47  Probe  
  52  13:54  Adept  
  53  14:04  Adept  
  53  14:09  Observer (Chrono Boost)  
  54  14:12  Adept  
  54  14:14  Adept  
  58  14:34  Adept x3  
  64  14:47  Nexus  
  64  14:57  Phoenix  
  66  15:02  Assimilator  
  66  15:03  Assimilator  
  66  15:06  Pylon  
  65  15:20  Zealot x3  
  62  15:36  Probe  
  62  15:39  Probe  
  64  15:48  Adept x2, Pylon  
  64  15:49  Probe x2  
  70  15:57  Adept  
  70  16:01  Stalker, Probe  
  74  16:06  Probe  
  74  16:08  Probe  
  74  16:13  Probe  
  74  16:16  Probe  
  76  16:22  Adept  
  76  16:25  Adept  
  80  16:27  Probe x2  
  80  16:31  Probe  
  82  16:37  Probe  
  82  16:39  Probe  
  85  16:41  Probe  
  86  16:47  Probe  
  86  16:51  Probe x2  
  89  16:57  Probe  
  89  17:01  Probe  
  90  17:03  Probe  
  90  17:07  Probe  
  92  17:11  Probe  
  94  17:17  Adept  
  94  17:18  Adept x3  
  100  17:28  Phoenix  
  96  17:45  Probe x2, Adept  
  96  17:46  Adept x3  
  96  17:49  Assimilator  
  105  17:53  Assimilator  
  103  18:06  Adept x2  
  103  18:07  Adept x2  
  107  18:13  Gateway  
  107  18:15  Gateway  
  109  18:33  Adept x4  
Show
View Real Time Build Order
Export as new Build Order

RepMeaSt Terran - Winner!

Build Orders: MMM Bio 

Get SALT Encoding   

  12  0:01  SCV  
  13  0:13  SCV  
  14  0:18  Supply Depot  
  14  0:25  SCV  
  15  0:39  SCV  
  15  0:40  Barracks  
  16  0:46  Refinery  
  16  0:51  SCV  
  17  1:04  SCV  
  18  1:16  SCV  
  19  1:28  Orbital Command  
  19  1:29  Barracks Reactor  
  19  1:44  Command Center  
  19  1:54  Supply Depot  
  19  1:55  SCV  
  20  2:06  Marine x2  
  22  2:09  SCV  
  22  2:15  Bunker  
  23  2:21  Factory  
  23  2:23  SCV  
  23  2:25  Marine  
  23  2:27  Marine  
  26  2:35  SCV  
  27  2:47  SCV, Marine x2  
  30  2:56  Orbital Command  
  30  2:57  Refinery  
  30  2:59  SCV  
  30  3:05  Factory Tech Lab, Marine x2  
  31  3:11  SCV  
  34  3:20  Supply Depot  
  34  3:21  Engineering Bay  
  34  3:22  SCV  
  34  3:23  SCV  
  36  3:27  Cyclone  
  36  3:31  Marine  
  36  3:32  Marine  
  40  3:34  SCV  
  40  3:39  SCV  
  42  3:44  Supply Depot  
  42  3:49  Supply Depot  
  42  3:50  SCV  
  42  3:53  Marine x2  
  45  3:56  SCV  
  45  4:02  Cyclone  
  49  4:03  SCV  
  50  4:10  SCV  
  50  4:13  Marine x2  
  52  4:20  SCV  
  50  4:31  Marine  
  50  4:32  Marine  
  50  4:37  SCV  
  53  4:42  SCV  
  49  4:49  Marine  
  49  4:50  SCV  
  45  4:54  SCV  
  46  5:02  SCV  
  46  5:05  Missile Turret  
  46  5:06  Missile Turret  
  47  5:07  Missile Turret  
  47  5:08  Factory Tech Lab  
  47  5:09  SCV  
  47  5:10  Missile Turret  
  47  5:12  Missile Turret  
  48  5:15  SCV  
  49  5:30  SCV  
  49  5:31  SCV  
  49  5:33  Barracks x2  
  49  5:35  Terran Infantry Weapons Level 1  
  51  5:39  Stimpack  
  51  5:42  SCV, Marine  
  52  5:44  SCV  
  52  5:46  Factory Tech Lab  
  52  5:49  Refinery  
  54  5:52  Supply Depot  
  54  5:54  SCV  
  54  5:56  SCV  
  56  6:06  SCV  
  56  6:08  Command Center, SCV  
  56  6:10  Marine  
  58  6:18  SCV  
  59  6:21  SCV  
  60  6:26  Marine x2  
  60  6:30  SCV  
  63  6:32  Bunker x2  
  63  6:37  SCV  
  64  6:42  SCV  
  64  6:44  Marine x2  
  63  6:49  SCV, Marine x2  
  53  7:02  Marine x2  
  53  7:06  SCV  
  53  7:07  Marine x2  
  58  7:19  Marine  
  58  7:20  Marine  
  58  7:22  Starport  
  60  7:24  Marine  
  60  7:27  Marine  
  60  7:32  SCV  
  59  7:37  Marine  
  59  7:38  Marauder  
  59  7:40  SCV  
  59  7:41  Combat Shields  
  59  7:42  Orbital Command, Marine  
  59  7:44  Factory Reactor  
  64  7:45  Marine  
  64  7:46  SCV  
  66  7:53  SCV  
  66  7:55  Marine  
  68  7:59  Marine  
  68  8:01  Marine  
  68  8:03  Marine  
  68  8:04  SCV  
  62  8:10  SCV  
  53  8:19  SCV  
  50  8:22  SCV  
  50  8:26  Marine  
  52  8:31  SCV  
  52  8:33  Medivac x2  
  53  8:37  SCV  
  53  8:43  Marine x2  
  53  8:46  SCV x2  
  57  8:53  SCV  
  58  8:56  Marine x2  
  58  9:02  Marine x2  
  58  9:03  Medivac x2  
  58  9:07  SCV  
  55  9:16  Factory Reactor  
  52  9:17  SCV  
  52  9:19  SCV  
  52  9:20  Orbital Command  
  52  9:24  Marine x2  
  54  9:29  SCV  
  54  9:30  Marine x2  
  56  9:33  SCV, Medivac x2  
  61  9:41  Marine  
  61  9:43  Marine  
  59  9:48  Marine x2  
  60  10:00  Marine  
  60  10:06  Marauder, Marine  
  47  10:14  SCV x2  
  48  10:21  SCV  
  48  10:24  Marine  
  48  10:26  SCV  
  48  10:27  Marine  
  51  10:30  SCV  
  51  10:34  Barracks Reactor  
  51  10:37  Barracks  
  51  10:38  SCV x2  
  51  10:40  Factory Reactor, Barracks  
  51  10:42  SCV, Marine  
  55  10:46  Marine  
  56  10:50  SCV  
  57  10:58  SCV x2  
  57  10:59  Marine  
  57  11:02  SCV, Bunker  
  57  11:03  Marine  
  62  11:06  Engineering Bay  
  62  11:10  SCV x2  
  64  11:12  Marine x2  
  64  11:14  Concussive Shells  
  64  11:15  SCV  
  64  11:17  Marine  
  68  11:22  SCV  
  69  11:27  Supply Depot  
  69  11:29  Marauder, SCV, Marine x2, Widow Mine x2  
  77  11:40  Marine  
  77  11:41  Marine  
  77  11:42  SCV, Marine  
  77  11:47  Marine x2  
  71  11:50  Marine  
  72  11:58  Marine  
  72  11:59  Marine x2  
  74  12:04  Marine x2  
  74  12:08  Marine  
  74  12:16  Marine x2  
  74  12:17  Marine  
  74  12:22  Marine x2  
  69  12:26  Marine  
  62  12:31  SCV x2  
  62  12:33  Viking x2, Marine  
  62  12:34  Marine  
  62  12:35  Marine  
  71  12:50  Marine x3  
  74  12:52  SCV  
  74  12:53  Marauder  
  74  12:57  SCV  
  77  12:58  SCV  
  77  13:03  Marine x2  
  77  13:12  SCV, Marine  
  79  13:18  SCV  
  80  13:22  Marine  
  81  13:27  SCV  
  81  13:28  SCV  
  83  13:34  Marine  
  83  13:37  Marine  
  83  13:43  SCV  
  83  13:46  SCV  
  83  13:48  Marine  
  83  13:52  SCV  
  85  14:02  Terran Infantry Armor Level 1, Marine  
  87  14:04  Supply Depot  
  87  14:06  Barracks Reactor  
  86  14:12  Marine  
  86  14:15  SCV x2  
  89  14:19  Marine  
  89  14:21  Refinery  
  89  14:23  Supply Depot  
  88  14:24  Medivac x2  
  88  14:25  Widow Mine  
  88  14:26  Marine  
  95  14:32  Supply Depot  
  95  14:36  Marine  
  96  14:40  Marine  
  96  14:41  Marine x2  
  96  14:43  Marine  
  100  14:49  SCV  
  101  14:53  Marine  
  101  14:58  Widow Mine  
  101  14:59  SCV x2  
  106  15:02  Marine x5  
  106  15:03  Supply Depot, Marauder  
  106  15:05  Medivac  
  115  15:16  Marine  
  116  15:25  Marine  
  116  15:27  Marine  
  116  15:28  Marauder  
  115  15:29  Medivac  
  115  15:30  SCV  
  115  15:32  Supply Depot  
  115  15:33  Supply Depot, Ghost Academy  
  119  15:37  Armory  
  119  15:40  Engineering Bay  
  119  15:42  Marine  
  118  15:43  Marine  
  118  15:47  Orbital Command  
  120  15:50  Marine x4  
  124  16:00  Marine  
  124  16:01  Marine  
  124  16:03  Widow Mine  
  129  16:08  Marine  
  129  16:15  Ghost x2  
  129  16:17  Marine  
  131  16:19  Barracks Tech Lab  
  131  16:22  SCV x3  
  133  16:31  Missile Turret  
  133  16:34  Supply Depot, Refinery, SCV  
  134  16:43  SCV x2  
  136  16:48  Supply Depot  
  136  16:49  Marine  
  136  16:52  Marine x3  
  139  17:02  Marine  
  139  17:03  Marine x2  
  139  17:07  Marine  
  143  17:10  Marine x3  
  145  17:20  Marine x2  
  145  17:21  Marauder  
  149  17:25  Marine  
  149  17:27  Marine  
  149  17:28  Marine x2  
  146  17:38  Marine  
  146  17:39  Marauder  
  146  17:41  Marine  
  146  17:43  Marine  
  142  17:45  Marine  
  142  17:46  Marine x2  
  145  17:53  Supply Depot x2  
  145  17:57  Marauder  
  147  17:59  Marine  
  147  18:00  Marine x2  
  147  18:03  Marine x3  
  152  18:10  Medivac  
  154  18:17  Marine x2  
  154  18:18  Marine, Marauder  
  159  18:21  Marine x3  
Tags
 
Add a new tag
Caveats
  • Supply blocks, unpowered buildings, or Contaminate may cause inaccurate times.
  • Supply counts are checked every 10 seconds.